 Dungeon Crawl Stone Soup version 0.27.0-1-g7a089689b8 (webtiles) character file.

Game seed: 14834041020790785805

3 robertstho the Skirmisher (level 1, -3/16 HPs)
             Began as an Octopode Berserker on Aug 6, 2021.
             Was a Follower of Trog.
             Slain by a gnoll (8 damage)
             ... on level 1 of the Dungeon.
             The game lasted 00:00:15 (103 turns).

robertstho the Skirmisher (Octopode Berserker)       Turns: 103, Time: 00:00:16

Health: -3/16      AC:  1    Str: 16    XL:     1   Next: 50%
Magic:  1/1        EV: 13    Int:  9    God:    Trog [*.....]
Gold:   0          SH:  0    Dex: 11    Spells: 0/0 levels left

rFire    . . .     SeeInvis .   a - +0 short sword
rCold    . . .     Faith    .   (no shield)
rNeg     . . .     Spirit   .   (helmet restricted)
rPois    .         Reflect  .   (no amulet)
rElec    .         Harm     .   (no ring)
rCorr    .         Rampage  .   (no ring)
Will     .....                  (no ring)
Stlth    ++........             (no ring)
HPRegen  0.05/turn              (no ring)
MPRegen  0.07/turn              (no ring)
                                (no ring)
                                (no ring)

@: no status effects
A: almost no armour, amphibious, 8 rings, camouflage 1, gelatinous body 1,
(nimble swimmer 1), tentacles
a: Renounce Religion, Berserk


You were on level 1 of the Dungeon.
You worshipped Trog.
Trog was aware of your devotion.
You visited 1 branch of the dungeon, and saw 1 of its levels.

Inventory:

Hand Weapons
 a - a +0 short sword (weapon)


   Skills:
 * Level 3.1 Fighting
 + Level 3.0 Short Blades
 + Level 3.0 Dodging
 * Level 0.3 Stealth


You couldn't memorise any spells.
You didn't know any spells.
Your spell library was empty.

Dungeon Overview and Level Annotations

Branches:
Dungeon (1/15)

Altars:


Innate Abilities, Weirdness & Mutations

You cannot wear most types of armour.
You are amphibious.
You can wear up to eight rings at the same time.
Your skin changes colour to match your surroundings (Stealth+).
Your rubbery body absorbs attacks. (AC +1, EV +1)
((You are camouflaged near water. (Stealth+)))
You have tentacles for arms and can constrict up to eight enemies at once.


Message History

An endoplasm is nearby!
An endoplasm is nearby!
A quokka and a gnoll come into view.
The endoplasm hits you.
Found a pair of boots.
You hit the endoplasm.
The endoplasm is lightly wounded.
The endoplasm misses you.
You hit the endoplasm.
You squeeze the endoplasm, but do no damage.
The endoplasm is almost dead.
The endoplasm closely misses you.
You hit the endoplasm.
You kill the endoplasm!
Trog accepts your kill. The quokka barely misses you.
You closely miss the quokka. Your grab misses the quokka.
Your squeeze misses the quokka. The quokka closely misses you.
You closely miss the quokka. Your grab misses the quokka.
The gnoll shouts!
You hear a shout!
The quokka barely misses you.
You closely miss the quokka. You grab the quokka. You squeeze the quokka.
The quokka is heavily wounded.
You constrict the quokka. The quokka closely misses you.
A goblin comes into view. It is wielding a +0 dagger.
The goblin shouts!
You hit the quokka but do no damage. You squeeze the quokka.
You kill the quokka!
Trog accepts your kill.
The gnoll barely misses you. 2 hobgoblins come into view.
The hobgoblin shouts! x2; You hear a shout!
The gnoll hits you with a +0 spear!
The gnoll hits you from afar with a +0 spear.
* * * LOW HITPOINT WARNING * * *
A ball python comes into view.
There is a stone staircase leading down here.
The gnoll hits you from afar with a +0 spear!
Ouch! That really hurt!
You die...

.............#.#
#...#######.##g#
.. #..#.# ##.#g#
#...# ###.g##
#S..g.#
#.##..######
#.#.@....... #
#.######.. ...
###. #. #. .. #.


You could see a gnoll, 2 hobgoblins and a goblin.

Vanquished Creatures
  An endoplasm (D:1)
  A quokka (D:1)
  A rat (D:1)
3 creatures vanquished.

Notes
Turn   | Place    | Note
-------+----------+-------------------------------------------
     0 | D:1      | robertstho the Octopode Berserker began the quest for the
                  | Orb.
     0 | D:1      | Reached XP level 1. HP: 16/16 MP: 1/1
   103 | D:1      | Slain by a gnoll

Illustrated notes

Levels and vault maps discovered:
D:1:      roderic_octagonal_star, layout_basic, ebering_ecumenical_altar_webs,
          kennysheep_boxes

Action                   || total
-------------------------++-------
Melee: Short sword       ||     8
       Tentacles         ||     3
       Constrict         ||     1
Dodge: Dodged            ||     8
